 Dungeon Crawl Stone Soup version 0.20.0-15-g7f486f2 (webtiles) character file.

191 NoAnimeNoLife the Cudgeler (level 5, -6/57 HPs)
             Began as a Demonspawn Gladiator on June 12, 2017.
             Killed by divine providence
             ... invoked by an orc priest
              (15 damage)
             ... on level 3 of the Dungeon on June 13, 2017.
             The game lasted 00:04:26 (2328 turns).

NoAnimeNoLife the Cudgeler (Demonspawn Gladiator)   Turns: 2328, Time: 00:04:26

Health: -6/57      AC: 22    Str: 14    XL:     5   Next: 42%
Magic:  5/5        EV:  2    Int: 14    God:
Gold:   174        SH:  0    Dex: 16    Spells: 4/4 levels left

rFire    . . .     SeeInvis .   a - +0 flail
rCold    . . .     Gourm    .   (no shield)
rNeg     + + +     Faith    .   (armour currently unavailable)
rPois    +         Spirit   .   (helmet currently unavailable)
rElec    .         Reflect  .   (cloak currently unavailable)
rCorr    .         Harm     .   (gloves currently unavailable)
MR       .....     NoTele   +   (boots currently unavailable)
Stlth    +.........             (no amulet)
Regen    0.2/turn               (no ring)
MPRegen  0.1/turn               (no ring)

@: brilliant, tree-form
A: rot immunity
a: no special abilities


You were on level 3 of the Dungeon.
You were hungry.
You were a tree.
You visited 1 branch of the dungeon, and saw 3 of its levels.

You collected 174 gold pieces.

Inventory:

Hand Weapons
 a - a +0 flail (weapon)
Missiles
 d - 3 throwing nets (quivered)
Armour
 b - a +0 leather armour
 c - a +0 helmet
 r - a +0 ring mail (melded)
Jewellery
 m - an uncursed ring of wizardry {unknown}
Wands
 s - a wand of paralysis (13/24)
Scrolls
 e - 2 scrolls of identify {unknown}
 g - 2 scrolls of teleportation {unknown}
 l - a scroll of fog {unknown}
 n - a scroll of remove curse {unknown}
Potions
 k - a potion of curing
 o - a potion of brilliance
 p - a potion of agility
Comestibles
 f - 2 bread rations
 i - 4 fruits
 j - 2 royal jellies
 q - a meat ration


   Skills:
 - Level 2.0 Fighting
 + Level 5.6 Maces & Flails
 - Level 1.7 Throwing
 - Level 2.6 Dodging


You had 4 spell levels left.
You didn't know any spells.

Dungeon Overview and Level Annotations

Branches:
Dungeon (3/15)

Altars:
Cheibriados
Gozag


Innate Abilities, Weirdness & Mutations

((You have a pair of small antennae on your head.))
((You are partially covered in sharp spines.))
You are immune to rotting.


Message History

You feel better. Something hits you.
* * * LOW HITPOINT WARNING * * *
You completely miss something. Something hits you but does no damage.
You hit something.
Reactivating autopickup.
You feel a bit more experienced.
The orc wizard casts a spell.
The orc wizard flickers and vanishes!
Deactivating autopickup; reactivate with Ctrl-A.
You hit the orc priest.
The orc priest is moderately wounded.
The orc priest hits you but does no damage.
You closely miss the orc priest.
The orc priest is moderately wounded.
The orc priest hits you but does no damage.
You hit the orc priest.
The orc priest is heavily wounded.
The orc priest invokes the aid of Beogh against you.
Beogh smites you!
You die...

##########.# ............ #.
#.#.......# #. ####.........#
#. #####............. #.
#........>.......# #.
#♣###.###........# . #. #o#
#.# #........#
...o##.#####o###.# #.######.#
......oh...o{o...# #.## #.#
####...5.....###.###(.#####..
#.5.......# #.#...........
#.........###.#.##..####.#
#..........##.#.###.##..÷.
#..........##.#(# #..#....


You could see 2 orc priests and 2 orcs.

Vanquished Creatures
  Natasha (thrice) (D:3)
  An orc wizard (D:3)
  3 adders
  A worm (D:1)
  4 dart slugs
  A leopard gecko (D:2)
  2 orcs (D:3)
  A ball python (D:2)
  2 giant cockroaches (D:2)
  7 goblins
  3 hobgoblins
  2 jackals (D:2)
  6 kobolds
  A quokka (D:2)
  5 bats
  6 frilled lizards
  7 rats
55 creatures vanquished.

Notes
Turn   | Place    | Note
-------+----------+-------------------------------------------
     0 | D:1      | NoAnimeNoLife the Demonspawn Gladiator began the quest for the Orb.
     0 | D:1      | Reached XP level 1. HP: 16/16 MP: 1/1
    56 | D:1      | Reached skill level 3 in Maces & Flails
   108 | D:1      | Gained mutation: You are partially covered in sharp spines. [demonic ancestry]
   108 | D:1      | Reached XP level 2. HP: 11/22 MP: 2/2
   855 | D:2      | Gained mutation: You are immune to rotting. [demonic ancestry]
   855 | D:2      | Reached XP level 3. HP: 15/27 MP: 3/3
  1021 | D:2      | Found an opulent altar of Gozag.
  1136 | D:2      | Reached skill level 4 in Maces & Flails
  1178 | D:2      | Found a snail-covered altar of Cheibriados.
  1468 | D:2      | Gained mutation: You have a pair of small antennae on your head. [demonic ancestry]
  1468 | D:2      | Reached XP level 4. HP: 33/33 MP: 4/4
  1904 | D:3      | Noticed Natasha
  1913 | D:3      | Killed Natasha
  1918 | D:3      | Reached skill level 5 in Maces & Flails
  2242 | D:3      | Noticed Natasha
  2249 | D:3      | Killed Natasha
  2249 | D:3      | Reached XP level 5. HP: 27/38 MP: 5/5
  2264 | D:3      | Noticed Natasha
  2292 | D:3      | Killed Natasha
  2322 | D:3      | HP: 1/57 [orc priest/divine providence (14)]
  2328 | D:3      | Killed from afar by an orc priest

Skill      XL: |  1  2  3  4 |
---------------+-------------+-----
Maces & Flails | 3 4 5 |  5.6
Fighting       | |  2.0
Throwing       | |  1.7
Dodging        | |  2.6

Action                   |  1- 3 |  4- 6 || total
-------------------------+-------+-------++-------
Melee: Flail             |    81 |    71 ||   152
  Use: Potion            |       |     5 ||     5
 Stab: Sleeping          |     1 |       ||     1
  Eat: Chunk             |     1 |     3 ||     4
Armor: Leather armour    |    17 |       ||    17
       Ring mail         |       |    17 ||    17
       Skin              |       |    31 ||    31
Dodge: Dodged            |    58 |    19 ||    77
